 Dungeon Sprint DCSS version 0.24-a0-592-g9a1d66b0e3 (webtiles) character file.

Game seed: 6486050562771711092, levelgen mode: deterministic

44 MordorOrchid the Cudgeler (level 3, -2/36 HPs)
             Began as a Troll Fighter on Sept 9, 2019.
             Was an Initiate of Cheibriados.
             Slain by a hippogriff (7 damage)
             ... in the Dungeon (Sprint IX: "|||||||||||||||||||||||||||||").
             The game lasted 00:01:33 (114 turns).

MordorOrchid the Cudgeler (Troll Fighter)            Turns: 114, Time: 00:01:33

Health: -2/36      AC:  6    Str: 28    XL:     3   Next: 41%
Magic:  2/2        EV:  9    Int:  9    God:    Cheibriados [......]
Gold:   0          SH:  9    Dex: 10    Spells: 2/2 levels left

rFire    . . .     SeeInvis .   a - +0 flail
rCold    . . .     Gourm    +   c - +0 shield
rNeg     . . .     Faith    .   b - +0 robe
rPois    .         Spirit   .   (helmet restricted)
rElec    .         Reflect  .   (no cloak)
rCorr    .         Harm     .   (gloves unavailable)
MR       .....     NoTele   +   (boots unavailable)
Stlth    +.........             (no amulet)
HPRegen  0.52/turn              q - +3 ring of intelligence
MPRegen  0.08/turn              r - +3 ring of strength

@: very slightly contaminated, invisible, very slow
A: large, unfitting armour, claws 3, fast metabolism 3, gourmand, regeneration
1, shaggy fur 1, tough skin 3
a: Bend Time, Renounce Religion


You were in the Dungeon.
You worshipped Cheibriados.
Cheibriados was noncommittal.
You were not hungry.

You visited 1 branch

Inventory:

Hand Weapons
 a - a +0 flail (weapon)
 p - a +2 scimitar of flaming
Armour
 b - a +0 robe (worn)
 c - a +0 shield (worn)
Magical Staves
 o - an uncursed staff of energy
Jewellery
 q - a +3 ring of intelligence (left claw)
 r - a +3 ring of strength (right claw)
Wands
 n - a wand of acid (10)
Scrolls
 k - 2 scrolls of blinking
 l - 3 scrolls of remove curse
 m - 2 scrolls of amnesia
Potions
 d - a potion of might
 e - 5 potions of curing
 g - 3 potions of heal wounds
 h - a potion of haste
 i - 4 potions of magic
Comestibles
 f - 2 rations


   Skills:
 - Level 2.4 Fighting
 * Level 4.8 Maces & Flails
 + Level 3.6 Dodging
 + Level 3.5 Shields
 * Level 0.1 Invocations
 * Level 0.1 Evocations


You had 2 spell levels left.
You didn't know any spells.
Your spell library was empty.

Dungeon Overview and Level Annotations

Branches:
Dungeon (1/1)

Altars:
Cheibriados
Dithmenos
Elyvilon
Fedhas
Gozag
Hepliaklqana
Kikubaaqudgha
Makhleb
Nemelex Xobeh
Okawaru
Qazlal
Ru
Sif Muna
Trog
Uskayaw
Vehumet
Wu Jian
Xom
Yredelemnul
Zin
The Shining One
Beogh
Jiyva
Lugonu


Innate Abilities, Weirdness & Mutations

You are too large for most types of armour.
You have claws for hands.
Your metabolism is lightning-fast.
You like to eat raw meat.
Your natural rate of healing is unusually fast.
You are covered in fur. (AC +1)
You have extremely tough skin. (AC +3)


Message History

You block the hippogriff's attack. x2; The hippogriff barely misses you.
You barely miss the hippogriff.
The hippogriff is lightly wounded.
The hippogriff bites you.
* * * LOW HITPOINT WARNING * * *
You block the hippogriff's attack. The hippogriff barely misses you.
The killer bee buzzes angrily.
You hit the hippogriff.
The hippogriff is moderately wounded.
You block the hippogriff's attack. The hippogriff barely misses you.
The hippogriff claws you.
* * * LOW HITPOINT WARNING * * *
The hippogriff closely misses you.
The hippogriff pecks you but does no damage.
The hippogriff claws you.
* * * LOW HITPOINT WARNING * * *
You hit the hippogriff.
The hippogriff is moderately wounded.
The hippogriff bites you!
You die... ▓▓▓▓▓▓▓▓▓▓▓▓▓▓▓▓▓▓▓▓▓▓▓▓ ______'...)[[[..@HsyOn.+ ▓▓▓▓▓▓▓▓▓▓▓▓▓▓▓▓▓▓▓▓▓▓▓▓

You could see a hippogriff, an ogre, a necrophage, a scorpion (wandering) and a killer bee (wandering).

Vanquished Creatures
  A gnoll shaman (D)
  2 adder skeletons (D)
  A bat skeleton (D)
  A bat zombie (D)
  A giant cockroach (D)
  A hobgoblin (D)
  A kobold (D)
  A quokka (D)
  A bat (D)
  A rat (D)
11 creatures vanquished.

Notes
Turn   | Place    | Note
-------+----------+-------------------------------------------
     0 | D        | MordorOrchid the Troll Fighter began the quest for the Orb.
     0 | D        | Reached XP level 1. HP: 22/22 MP: 0/0
    10 | D        | Reached skill level 2 in Maces & Flails
    11 | D        | Reached skill level 3 in Maces & Flails
    26 | D        | Noticed a gnoll shaman
    40 | D        | Killed a gnoll shaman
    40 | D        | Reached skill level 4 in Maces & Flails
    40 | D        | Reached XP level 2. HP: 29/29 MP: 1/1
    40 | D        | Reached XP level 3. HP: 36/36 MP: 2/2
    54 | D        | Found a roughly hewn altar of Beogh.
    54 | D        | Found a snail-covered altar of Cheibriados.
    54 | D        | Found a shadowy altar of Dithmenos.
    54 | D        | Found a white marble altar of Elyvilon.
    54 | D        | Found a blossoming altar of Fedhas.
    54 | D        | Found an opulent altar of Gozag.
    55 | D        | Found a hazy altar of Hepliaklqana.
    56 | D        | Found a viscous altar of Jiyva.
    57 | D        | Found an ancient bone altar of Kikubaaqudgha.
    58 | D        | Became a worshipper of Cheibriados the Contemplative
    59 | D        | Found a corrupted altar of Lugonu.
    60 | D        | Found a burning altar of Makhleb.
    61 | D        | Found a sparkling altar of Nemelex Xobeh.
    62 | D        | Found an iron altar of Okawaru.
    63 | D        | Found a stormy altar of Qazlal.
    64 | D        | Found a sacrificial altar of Ru.
    65 | D        | Found a shimmering blue altar of Sif Muna.
    66 | D        | Found a bloodstained altar of Trog.
    67 | D        | Found a hide-covered altar of Uskayaw.
    68 | D        | Found a radiant altar of Vehumet.
    69 | D        | Found an ornate altar of the Wu Jian Council.
    70 | D        | Found a shimmering altar of Xom.
    71 | D        | Found a basalt altar of Yredelemnul.
    72 | D        | Found a glowing silver altar of Zin.
    73 | D        | Found a glowing golden altar of the Shining One.
   102 | D        | Noticed a hippogriff
   102 | D        | Noticed a scorpion
   102 | D        | Noticed a killer bee
   102 | D        | Noticed an ogre
   102 | D        | Noticed a necrophage
   114 | D        | Slain by a hippogriff

Levels and vault maps discovered:
D:        linesprint [early_d, line_temple, items_1, d_10, items_2, lair_1,
          lair_end, items_3, orc_1, orc_end, items_4, d_15, swamp_1, shoals_1,
          snake_1, spider_1, d_20, vaults_1, items_5, swamp_end, shoals_end,
          snake_end, spider_end, vaults_end, d_27, items_6, zot_1, zot_end,
          crypt_end, forest_end, elf_end, slime_end, tomb_end, abyss_end,
          pan_hell_end]

Skill      XL: |  1 |
---------------+----+-----
Maces & Flails | 4 |  4.8
Dodging        | 3 |  3.6
Shields        | 3 |  3.5
Fighting       | |  2.4
Invocations    | |  0.1
Evocations     | |  0.1

Action                   || total
-------------------------++-------
Melee: Flail             ||    44
  Use: Potion            ||     2
 Stab: Invisible         ||     1
       Sleeping          ||     1
  Eat: Chunk             ||     1
Armor: Robe              ||    13
Dodge: Dodged            ||    22
Block: Shield            ||    18

Table legend:
 A = Non-vault XP
 B = Vault XP
 C = Vault XP percentage of total XP
 D = Non-vault monster count
 E = Vault monster count
 F = Vault count percentage of total count
                 A         B        C        D         E       F
            +---------+---------+-------+---------+---------+-------
      Total |       0 |      64 | 100.0 |       0 |      11 | 100.0
            +---------+---------+-------+---------+---------+-------
          D |       0 |      64 | 100.0 |       0 |      11 | 100.0
            +---------+---------+-------+---------+---------+-------
